 Dungeon Crawl Stone Soup version 0.16-a0-4112-g89a4107 (webtiles) character file.

310659 vatarom the Tortoise (level 20, -1/191 HPs)
             Began as a Minotaur Fighter on Feb 27, 2015.
             Was the Champion of Okawaru.
             Slain by a tentacled monstrosity (7 damage)
             ... on level 3 of the Vaults.
             The game lasted 01:51:01 (41664 turns).

vatarom the Tortoise (Minotaur Fighter)            Turns: 41664, Time: 01:51:01

Health: -1/191     AC: 39    Str: 34    XL:     20   Next: 40%
Magic:  33/33      EV: 12    Int: 10    God:    Okawaru [******]
Gold:   1352       SH:  0    Dex: 14    Spells: 0 memorised, 19 levels left

rFire  + + +     SeeInvis +     B - +8 battleaxe (vamp)
rCold  + + .     Clarity  .     N - +3 plate armour
rNeg   + . .     SustAb   .     (no shield)
rPois  +         Gourm    .     b - +2 hat
rElec  .         Spirit   .     S - +2 cloak
rCorr  .         Warding  .     M - +2 pair of gloves "Uheuttos" {+Inv rF+ rC+ MR- Str+3 Int+4}
rMut   .         Stasis   .     c - +2 pair of boots of Neapily {Str+4 Int-3 Dex+6}
MR     .....                    a - amulet "Qieghoy" {+Rage rPois}
Stlth  ..........               X - ring "Ozufoun" {+Fly rF+ rN+ Dex-3 Slay+3} (curse)
                                d - ring of Stoutala {rF+ rC+ Int+4 SInv}

@: lethally poisoned (-1 -> -5), afraid, heroism, slowed, constricted, very
slow, not resistant to hostile enchantments, extremely unstealthy
A: retaliatory headbutt, horns 2, breathe flames 2, shaggy fur 1, weak 1
a: Heroism, Finesse, Renounce Religion, Breathe Fire, Evoke Berserk Rage, Evoke
Invisibility, Evoke Flight
}: 2/15 runes: serpentine, barnacled


You were on level 3 of the Vaults.
You worshipped Okawaru.
Okawaru was exalted by your worship.
You were full.

You visited 7 branches of the dungeon, and saw 42 of its levels.
You visited 1 bazaar.
You also visited: Ice Cave.

You collected 4476 gold pieces.
You spent 3124 gold pieces at shops.

Inventory:

Hand weapons
 B - a +8 vampiric battleaxe (weapon)
Missiles
 h - 15 poisoned javelins
 D - 57 javelins
 W - 7 javelins of penetration (quivered)
Armour
 b - a +2 hat (worn)
 c - the +2 pair of boots of Neapily (worn) {Str+4 Int-3 Dex+6}
   (Okawaru gifted it to you on level 2 of the Lair of Beasts)

   It affects your strength (+4).
   It affects your intelligence (-3).
   It affects your dexterity (+6).
 M - the +2 pair of gloves "Uheuttos" (worn) {+Inv rF+ rC+ MR- Str+3 Int+4}
   (You bought it in a shop in a bazaar)

   It affects your strength (+3).
   It affects your intelligence (+4).
   It protects you from fire.
   It protects you from cold.
   It affects your resistance to hostile enchantments.
   It lets you turn invisible.
 N - a +3 plate armour (worn)
 S - a +2 cloak (worn)
Jewellery
 a - the amulet "Qieghoy" (around neck) {+Rage rPois}
   (You bought it in a shop on level 4 of the Orcish Mines)

   [amulet of rage]

   It protects you from poison.
   It lets you go berserk.
 d - the ring of Stoutala (left hand) {rF+ rC+ Int+4 SInv}
   (You found it on level 2 of the Vaults)

   [ring of protection from cold]

   It affects your intelligence (+4).
   It protects you from fire.
   It protects you from cold.
   It enhances your eyesight.
 u - an uncursed ring of teleportation
 x - a cursed ring of positive energy
 I - an uncursed ring of protection from magic
 K - an uncursed ring of poison resistance
 Q - an uncursed ring of protection from fire
 V - a cursed +6 ring of dexterity
 X - the cursed ring "Ozufoun" (right hand) {+Fly rF+ rN+ Dex-3 Slay+3}
   (You took it off a centaur on level 3 of the Lair of Beasts)

   [ring of flight]

   It affects your dexterity (-3).
   It affects your accuracy and damage with ranged weapons and melee attacks
   (+3).
   It protects you from fire.
   It protects you from negative energy.
   It lets you fly.
   It has a curse placed upon it.
Magical devices
 j - a wand of fire (6)
 C - a wand of heal wounds (4)
 T - a wand of hasting (3)
Scrolls
 k - 4 scrolls of fear
 n - 22 scrolls of identify
 o - 7 scrolls of enchant armour
 v - 15 scrolls of remove curse
 w - 14 scrolls of teleportation
 y - 13 scrolls of magic mapping
 E - 5 scrolls of recharging
 G - 6 scrolls of fog
 L - 3 scrolls of holy word
Potions
 e - a potion of berserk rage
 p - 4 potions of restore abilities
 q - 2 potions of brilliance
 r - a potion of cancellation
 t - 5 potions of might
 z - a potion of magic
 F - 6 potions of curing
 H - 3 potions of agility
 R - 3 potions of haste
 Y - 2 potions of resistance
Miscellaneous
 i - 2 phantom mirrors
 A - a fan of gales
 O - a lamp of fire
 P - a phial of floods (inert)
 Z - a sack of spiders {used: 1}
Comestibles
 f - 7 meat rations
 g - 20 beef jerkies
 l - 27 fruits
 m - 5 slices of pizza
 J - 2 royal jellies
 U - 13 bread rations


   Skills:
 - Level 19.1(24.1) Fighting
 - Level 19.0(24.0) Axes
 + Level 17.5(22.5) Throwing
 - Level 19.2(24.2) Armour
   Level 3.6(8.6) Shields
 - Level 16.1 Evocations


You had 19 spell levels left.
You didn't know any spells.

Dungeon Overview and Level Annotations

Branches:
Dungeon (15/15)            Temple (1/1) D:5            Lair (8/8) D:10
 Shoals (5/5) Lair:3        Snake (5/5) Lair:4        Slime (0/6) Lair:8
    Orc (4/4) D:10            Elf (0/3) Orc:4        Vaults (4/5) D:14
  Crypt (0/3) Vaults:2     Depths (0/5) D:15

Altars:
Ashenzari
Cheibriados
Dithmenos
Elyvilon
Fedhas
Gozag
Kikubaaqudgha
Makhleb
Nemelex Xobeh
Okawaru
Qazlal
Ru
Sif Muna
Trog
Vehumet
Xom
Yredelemnul
Zin
The Shining One
Jiyva

Shops:
Orc:1 *   Orc:4 **}!   Shoals:4 (%[}=   Vaults:3 :


Innate Abilities, Weirdness & Mutations

You reflexively headbutt those who attack you in melee.
You have a pair of horns on your head.
You can breathe fire.
You are covered in fur (AC +1).
You are weak. (Str -2)


Message History

The tentacled monstrosity constricts you.
The trident of protection hits you but does no damage.
You hit the tengu reaver. Your headbutt misses the tengu reaver.
The tengu reaver is moderately wounded.
You barely miss the battlesphere. You barely miss the redback.
You hit the tentacled monstrosity.
The tentacled monstrosity is severely wounded.
You feel sick.
A yaktaur captain opens the door.
The redback barely misses you. You furiously retaliate!
You headbutt the redback.
The vault warden activates a sealing rune. x2
A door slams shut!
The trident of protection hits you from afar.
* * * LOW HITPOINT WARNING * * *
The vault warden activates a sealing rune.
The tentacled monstrosity tentacle-slaps you!
* * * LOW HITPOINT WARNING * * *
The tentacled monstrosity tentacle-slaps you but does no damage.
The tentacled monstrosity tentacle-slaps you.
* * * LOW HITPOINT WARNING * * *
You die...

...............# #.
...............# #.
...............# #.
...............# # #.
##########.....# .# #.
.........#.....# .##.. #.
.........#.....### .Bp... #.
.........#.....#*##cCG... #.
.....#.#.#.....#@scCpep.p. #.
......∩..#....G+QXpcC..... #.
.....#.#.#.....#c.(##o..## #.
.........#.....#.### .# #.
.........#.....### #.
.........#.....# #.
##########.....# #.
...............# #.
...............#################.


You could see a tentacled monstrosity, a fire giant, a stone giant, 2 vault
wardens, a tengu reaver, 2 yaktaur captains, an orc knight, an ettin, a giant
orange brain, a centaur warrior, 2 vault sentinels, a yaktaur, a deep elf
conjurer, a wizard, a redback and a trident of protection.

Vanquished Creatures
  Norris (Shoals:2)
  Mennas (Vaults:4)
  A titan (Vaults:1)
  A kraken (Shoals:3)
  9 greater nagas
  2 fire giants
  Donald (Orc:4)
  4 frost giants
  Aizul (Snake:1)
  Gastronok (Orc:4)
  2 vault wardens (Vaults:1)
  Jorgrun (Snake:3)
  A very ugly thing (Vaults:3)
  6 stone giants
  7 ironheart preservers
  2 blizzard demons (IceCv)
  Snorg (Lair:7)
  5 merfolk javelineers
  2 fire dragons
  An eidolon (Vaults:2)
  7 vault guards
  A jiangshi (Vaults:2)
  Josephine (Orc:2)
  5 merfolk impalers
  4 yaktaur captains
  4 rakshasas (D:12)
  Fannar (Orc:2)
  A great orb of eyes (Vaults:3)
  16 hydras
  Harold (Lair:4)
  25 naga warriors
  18 anacondas
  The ghost of Vidiiot the Destroyer, a powerful FeWn of Sif Muna (D:15)
  Erica (D:14)
  7 centaur warriors
  The ghost of 4thArraOfDagon the Grappler, an experienced TrEE of Qazlal (D:12)
  2 merfolk avatars (Shoals:2)
  14 death yaks
  A deep troll earth mage (Vaults:1)
  A satyr (Shoals:2)
  6 ogre magi
  An alligator snapping turtle (Shoals:5)
  A death knight (Vaults:2)
  2 merfolk aquamancers
  12 naga sharpshooters
  Nergalle (Orc:4)
  3 deep elf knights (Vaults:4)
  3 orc high priests (Orc:4)
  9 shock serpents
  A skeletal warrior (Vaults:2)
  5 salamander mystics (Snake:5)
  7 ice devils (IceCv)
  7 deep trolls (Vaults:1)
  A fire crab (Vaults:3)
  2 catoblepae
  4 unseen horrors
  2 shadow wraiths
  10 sea snakes
  13 mana vipers
  2 swamp dragons (Snake:4)
  3 ice statues (IceCv)
  5 naga ritualists
  11 orc knights
  4 lindwurms (Snake:5)
  A deep elf conjurer (Vaults:3)
  A necromancer (Vaults:4)
  4 wizards
  13 harpies
  6 hill giants
  3 wolf spiders
  7 ironbrand convokers
  12 griffons
  12 manticores
  4 water nymphs
  An oklob plant (Snake:5)
  22 fauns
  4 orc sorcerers
  8 salamanders
  14 sirens
  27 ugly things
  9 guardian serpents
  16 cyclopes
  Maurice (D:9)
  Joseph (D:10)
  2 centaur zombies
  4 vault sentinels
  A drowned soul (Shoals:2)
  13 spiny frogs
  A torpor snail (Lair:3)
  2 kobold demonologists
  36 black mambas
  25 naga magi
  The ghost of HessK the Firebug, an experienced HuFE of Vehumet (D:6)
  An orange demon (Vaults:1)
  An anaconda simulacrum (IceCv)
  An efreet (D:15)
  12 komodo dragons
  19 yaktaurs
  3 deep elf priests
  33 merfolk
  6 blue devils (IceCv)
  2 freezing wraiths
  9 polar bears (Lair:8)
  5 trolls
  6 fire drakes
  A wolf spider simulacrum (D:14)
  3 wind drakes
  12 blink frogs
  A trapdoor spider zombie (D:12)
  7 snapping turtles
  7 two-headed ogres
  15 slime creatures
  3 raiju (Lair:8)
  A basilisk (shapeshifter) (D:13)
  3 boulder beetles
  4 basilisks
  2 ravens (Lair:5)
  5 redbacks (Vaults:1)
  6 water elementals
  38 yaks
  2 dire elephant simulacra (IceCv)
  A hungry ghost (D:12)
  3 deep elf magi
  8 wraiths
  Eustachio (D:10)
  2 wyverns (D:14)
  22 hippogriffs
  A human (D:7)
  3 deep elf fighters
  A ynoxinul (Orc:4)
  7 vampire mosquitoes
  A harpy simulacrum (IceCv)
  2 mottled dragons
  63 nagas
  2 soldier ants
  4 swamp worms (Snake:4)
  14 wargs
  16 wolves
  25 water moccasins
  3 hell hounds (Lair:8)
  5 hydra simulacra (IceCv)
  25 orc warriors
  8 porcupines
  12 black bears (Lair:8)
  2 necrophages
  An eye of draining (shapeshifter) (Vaults:2)
  4 sky beasts
  2 boggarts (D:12)
  17 ice beasts
  3 swamp drakes (Snake:4)
  A wasp (D:11)
  An ettin simulacrum (IceCv)
  24 ogres
  4 phantoms
  21 centaurs
  A boring beetle (Lair:8)
  15 crocodiles
  4 big kobolds
  A wyvern zombie (D:14)
  18 giant frogs
  3 scorpions
  A water moccasin skeleton (D:8)
  17 wights
  4 vampire bats (Lair:5)
  2 yak skeletons (Orc:4)
  8 electric eels
  2 goliath beetles (D:7)
  4 jellies
  15 killer bees
  8 crimson imps
  2 quasits
  26 hounds
  Crazy Yiuf (D:6)
  A centaur skeleton (D:5)
  23 orc priests
  4 giant frog skeletons
  2 giant frog zombies
  A gnoll shaman (D:6)
  34 orc wizards
  7 iguanas
  34 sheep
  4 spectral orcs (Orc:4)
  A killer bee zombie (D:6)
  16 worker ants
  3 hound zombies
  3 mummies
  2 worker ant zombies
  Robin (D:3)
  17 adders
  4 gnolls
  2 orc zombies (Orc:4)
  51 river rats
  3 shadow imps
  A white imp (D:12)
  A worm (D:2)
  A giant mite (D:7)
  An ufetubus (D:10)
  2 giant geckos
  3 oozes
  174 orcs
  21 bats
  A bat zombie (D:5)
  4 giant cockroaches
  33 goblins
  20 hobgoblins
  19 quokkas
  2 ball pythons
  4 giant newts
  A giant spore (D:7)
  16 jackals
  22 kobolds
  14 rats
  10 rat skeletons (Orc:4)
  A ballistomycete (D:7)
  13 fungi
  18 plants
  A tentacle (Shoals:3)
1773 creatures vanquished.

Vanquished Creatures (collateral kills)
  Ilsuiw (Shoals:5)
  A greater naga (Snake:5)
  A naga sharpshooter (Snake:5)
  A shock serpent (Snake:5)
  A naga mage (Snake:5)
  A water moccasin (Snake:5)
6 creatures vanquished.

Vanquished Creatures (others)
  3 air elementals (Shoals:5)
  3 water elementals (Vaults:3)
  A drowned soul (Shoals:2)
  3 fire elementals (Snake:5)
  A jumping spider (Shoals:5)
  2 trapdoor spiders (Shoals:5)
  3 electric eels (D:11)
  2 orc wizards
  An iguana (D:11)
  A sheep (Shoals:1)
  2 orcs (Orc:2)
  A rat skeleton (Orc:4)
  8 fungi
  15 plants
  7 tentacles (Shoals:3)
  185 tentacle segments (Shoals:3)
238 creatures vanquished.

Grand Total: 2017 creatures vanquished

Notes
Turn   | Place    | Note
--------------------------------------------------------------
     0 | D:1      | vatarom, the Minotaur Fighter, began the quest for the Orb.
     0 | D:1      | Reached XP level 1. HP: 19/19 MP: 1/1
    28 | D:1      | Reached skill level 4 in Fighting
    50 | D:1      | Reached XP level 2. HP: 18/27 MP: 1/1
   188 | D:1      | Reached XP level 3. HP: 22/33 MP: 2/2
  1015 | D:3      | Reached XP level 4. HP: 36/41 MP: 2/2
  1506 | D:3      | Noticed Robin
  1513 | D:3      | Reached XP level 5. HP: 37/47 MP: 2/2
  1519 | D:3      | Killed Robin
  1616 | D:3      | Gained mutation: You expend magic power (3 MP) to slightly strengthen your wands. [potion of mutation]
  1616 | D:3      | Gained mutation: You are agile. (Dex +2) [potion of mutation]
  1616 | D:3      | Gained mutation: You are partially covered in rough black scales (AC +4, Dex -1). [potion of mutation]
  1702 | D:3      | Reached skill level 5 in Armour
  1745 | D:3      | Reached skill level 5 in Fighting
  2394 | D:4      | Reached XP level 6. HP: 53/56 MP: 3/3
  2413 | D:4      | Reached skill level 5 in Axes
  2556 | D:4      | Found a blossoming altar of Fedhas.
  2887 | D:4      | Reached skill level 6 in Armour
  3001 | D:5      | Entered Level 5 of the Dungeon
  3114 | D:5      | Reached XP level 7. HP: 61/63 MP: 3/3
  3215 | D:5      | Found a deep blue altar of Sif Muna.
  3383 | D:5      | Found a staircase to the Ecumenical Temple.
  3389 | Temple   | Entered the Ecumenical Temple
  3541 | D:5      | Reached skill level 7 in Armour
  3688 | D:6      | Noticed Crazy Yiuf
  3692 | D:6      | Killed Crazy Yiuf
  3773 | D:6      | Found a shadowy altar of Dithmenos.
  3802 | D:6      | Found a white marble altar of Elyvilon.
  3861 | D:6      | Reached XP level 8. HP: 30/73 MP: 3/3
  4064 | D:6      | Noticed HessK's ghost (experienced HuFE)
  4077 | D:6      | Killed HessK's ghost
  4077 | D:6      | Reached skill level 8 in Armour
  4181 | D:6      | Found a radiant altar of Vehumet.
  4198 | D:6      | Got a fine robe
  4199 | D:6      | Identified the +3 robe "Naam" {rF+ Regen+ Int+9 Dex-4 Stlth-} (You found it on level 6 of the Dungeon)
  4482 | D:7      | Reached skill level 9 in Armour
  4720 | D:7      | Found an iron altar of Okawaru.
  4775 | D:7      | Became a worshipper of Warmaster Okawaru
  4857 | D:7      | Reached XP level 9. HP: 67/82 MP: 4/4
  4879 | D:7      | Found a sparkling altar of Nemelex Xobeh.
  4881 | D:7      | Found a shimmering altar of Xom.
  5715 | D:8      | Acquired Okawaru's first power
  5947 | D:8      | Reached skill level 10 in Armour
  6176 | D:8      | Found a shimmering altar of Xom.
  6211 | D:8      | Reached skill level 10 in Fighting
  6554 | D:8      | Reached skill level 10 in Axes
  6613 | D:8      | Gained mutation: Your muscles are strong. (Str +2) [mutagenic meat]
  6615 | D:8      | Gained mutation: You are robust (+10% HP). [mutagenic meat]
  7048 | D:8      | Reached XP level 10. HP: 102/102 MP: 4/4
  7789 | D:9      | Reached skill level 11 in Armour
  8103 | D:10     | Entered Level 10 of the Dungeon
  8103 | D:10     | Noticed Maurice
  8103 | D:10     | Noticed Joseph
  8137 | D:9      | Killed Maurice
  8158 | D:10     | Killed Joseph
  8222 | D:10     | Found a staircase to the Orcish Mines.
  8472 | D:10     | Found a staircase to the Lair.
  8800 | D:10     | Noticed Eustachio
  8822 | D:10     | Killed Eustachio
  8991 | D:10     | Reached skill level 12 in Armour
  9280 | D:11     | Found a flickering gateway to a bazaar.
  9294 | Bazaar   | Entered a bazaar
  9311 | Bazaar   | Found Ogoipt's Antique Weapon Shoppe.
  9311 | Bazaar   | Found Deonk's Book Emporium.
  9321 | Bazaar   | Bought a runed broad axe for 100 gold pieces
  9336 | Bazaar   | Found Clatta's Antique Armour Shoppe.
  9336 | Bazaar   | Found Ustuotia's Armour Emporium.
  9347 | Bazaar   | Bought a pair of distressingly furry gloves for 152 gold pieces
  9358 | Bazaar   | Found Zajitegukh's Magic Scroll Shoppe.
  9358 | Bazaar   | Found Mowkuze's Assorted Antiques.
  9368 | Bazaar   | Bought a scroll of enchant armour for 90 gold pieces
  9368 | Bazaar   | Bought a scroll of enchant armour for 90 gold pieces
  9368 | Bazaar   | Bought a scroll of enchant weapon for 90 gold pieces
  9368 | Bazaar   | Bought a scroll of enchant armour for 90 gold pieces
  9659 | D:11     | Identified the +2 pair of gloves "Uheuttos" {+Inv rF+ rC+ MR- Str+3 Int+4} (You bought it in a shop in a bazaar)
  9727 | D:11     | Noticed a cyclops
  9734 | D:11     | Reached XP level 11. HP: 65/114 MP: 4/4
  9740 | D:11     | Killed a cyclops
  9985 | D:11     | Acquired Okawaru's second power
 10460 | D:12     | Received a gift from Okawaru
 10546 | D:12     | Noticed a seven-headed hydra
 10581 | D:12     | Noticed 4thArraOfDagon's ghost (experienced TrEE)
 10953 | Lair:1   | Entered Level 1 of the Lair of Beasts
 11055 | Lair:1   | Reached skill level 13 in Armour
 11248 | Lair:1   | Noticed an eight-headed hydra
 11265 | Lair:1   | Killed a 11-headed hydra
 11628 | Lair:1   | You fall through a shaft!
 12048 | Lair:2   | Received a gift from Okawaru
 12052 | Lair:2   | Got a pair of transparent boots {god gift}
 12063 | Lair:2   | Identified the +2 pair of boots of Neapily {Str+4 Int-3 Dex+6} (Okawaru gifted it to you on level 2 of the Lair of Beasts)
 12602 | Lair:3   | Reached XP level 12. HP: 86/126 MP: 5/5
 12750 | Lair:3   | Noticed a death yak
 12751 | Lair:3   | Found a staircase to the Shoals.
 12751 | Lair:3   | Noticed a death yak
 12751 | Lair:3   | Noticed a death yak
 12751 | Lair:3   | Noticed a death yak
 12752 | Lair:3   | Noticed a death yak
 12752 | Lair:3   | Noticed a death yak
 12783 | Lair:3   | Killed a death yak
 12937 | Lair:3   | Reached skill level 14 in Armour
 13302 | Lair:3   | Got a twitching wooden ring
 13400 | Lair:3   | Killed a death yak
 13406 | Lair:3   | Killed a death yak
 13406 | Lair:3   | Killed a death yak
 13411 | Lair:3   | Killed a death yak
 13413 | Lair:3   | Killed a death yak
 13639 | Lair:3   | Identified the ring "Ozufoun" {+Fly rF+ rN+ Dex-3 Slay+3} (You took it off a centaur on level 3 of the Lair of Beasts)
 14131 | Lair:4   | Reached skill level 15 in Armour
 14160 | Lair:4   | Noticed a four-headed hydra
 14168 | Lair:4   | Killed an eight-headed hydra
 14188 | Lair:4   | Found a staircase to the Snake Pit.
 14792 | Lair:4   | Received a gift from Okawaru
 14897 | Lair:4   | Noticed a seven-headed hydra
 14907 | Lair:4   | Killed a 14-headed hydra
 14907 | Lair:4   | Reached XP level 13. HP: 90/137 MP: 5/5
 15006 | Lair:4   | Noticed Harold
 15021 | Lair:4   | Killed Harold
 15021 | Lair:4   | Reached skill level 15 in Axes
 15212 | Lair:5   | Reached skill level 15 in Fighting
 16320 | Lair:6   | Identified a scroll of acquirement
 16794 | Lair:7   | Received a gift from Okawaru
 16927 | Lair:7   | Reached skill level 16 in Axes
 17121 | Lair:7   | Reached skill level 1 in Throwing
 17227 | Lair:7   | Noticed Snorg
 17233 | Lair:7   | Killed Snorg
 17631 | Lair:8   | Entered Level 8 of the Lair of Beasts
 17806 | Lair:8   | Reached skill level 5 in Throwing
 17860 | Lair:8   | Found a staircase to the Slime Pits.
 17873 | Lair:8   | Found a viscous altar of Jiyva.
 18016 | Lair:8   | Found a shadowy altar of Dithmenos.
 18039 | Lair:8   | Received a gift from Okawaru
 18116 | Lair:8   | Reached XP level 14. HP: 126/150 MP: 5/5
 18243 | Lair:8   | Received a gift from Okawaru
 18312 | Lair:8   | Got a fine battleaxe {god gift}
 18313 | Lair:8   | Identified the +3 battleaxe of Distraction {elec, rF+ rN+ MR+} (Okawaru gifted it to you on level 8 of the Lair of Beasts)
 18411 | Lair:8   | Reached skill level 10 in Throwing
 18698 | Lair:8   | Received a gift from Okawaru
 18704 | Lair:8   | Got a pair of dazzling gloves {god gift}
 18705 | Lair:8   | Identified the -2 pair of gloves of Inaction {rPois rC+} (Okawaru gifted it to you on level 8 of the Lair of Beasts)
 19652 | Orc:1    | Entered Level 1 of the Orcish Mines
 19716 | Orc:1    | Found a burning altar of Makhleb.
 20422 | Orc:2    | Noticed Fannar
 20434 | Orc:2    | Killed Fannar
 20495 | Orc:2    | Noticed Josephine
 20509 | Orc:2    | Killed Josephine
 20702 | Orc:1    | Found Chuat's General Store.
 20744 | Orc:1    | Bought a sack of spiders for 260 gold pieces
 20866 | Orc:4    | Entered Level 4 of the Orcish Mines
 20905 | Orc:4    | Found a staircase to the Elven Halls.
 21036 | Orc:4    | Noticed Donald
 21044 | Orc:4    | Killed Donald
 21166 | Orc:4    | Noticed Nergalle
 21177 | Orc:4    | Killed Nergalle
 21280 | Orc:4    | Noticed Gastronok
 21289 | Orc:4    | Killed Gastronok
 21643 | Orc:4    | Found Qoivul's Assorted Antiques.
 21647 | Orc:4    | Reached skill level 5 in Evocations
 21655 | Orc:4    | Reached XP level 15. HP: 158/158 MP: 8/19
 21657 | Orc:4    | Found Nolef's Distillery.
 21663 | Orc:4    | Received a gift from Okawaru
 21665 | Orc:4    | Found Smoso's Assorted Antiques.
 21676 | Orc:4    | Found Khoacw's Gadget Boutique.
 21683 | Orc:4    | Bought a potion of heal wounds for 85 gold pieces
 21683 | Orc:4    | Bought a potion of haste for 170 gold pieces
 21683 | Orc:4    | Bought 2 potions of heal wounds for 170 gold pieces
 21683 | Orc:4    | Bought a potion of heal wounds for 85 gold pieces
 21683 | Orc:4    | Bought 2 potions of heal wounds for 170 gold pieces
 21683 | Orc:4    | Bought a potion of resistance for 170 gold pieces
 21694 | Orc:4    | Bought a heavily runed silver amulet for 130 gold pieces
 21704 | Orc:4    | Identified the amulet "Qieghoy" {+Rage rPois} (You bought it in a shop on level 4 of the Orcish Mines)
 21708 | Orc:4    | Bought a scroll of enchant armour for 180 gold pieces
 21964 | Snake:1  | Entered Level 1 of the Snake Pit
 22273 | Snake:1  | Noticed Aizul
 22299 | Snake:1  | Killed Aizul
 23599 | D:10     | Received a gift from Okawaru
 23756 | Snake:2  | Received a gift from Okawaru
 23790 | Snake:2  | Received a gift from Okawaru
 23886 | Snake:2  | Reached skill level 10 in Evocations
 24428 | Snake:3  | Received a gift from Okawaru
 24467 | Snake:3  | Found a glowing golden altar of the Shining One.
 24526 | Snake:3  | Noticed Jorgrun
 24536 | Snake:3  | Killed Jorgrun
 24536 | Snake:3  | Received a gift from Okawaru
 24625 | Snake:3  | Received a gift from Okawaru
 24966 | Snake:4  | Received a gift from Okawaru
 24966 | Snake:4  | Reached XP level 16. HP: 164/166 MP: 28/28
 25247 | Snake:4  | Identified Vaodwull's Catalogue of the Arsonist and Conjuration
 25438 | Snake:4  | Received a gift from Okawaru
 26045 | Snake:5  | Entered Level 5 of the Snake Pit
 26062 | Snake:5  | Found a white marble altar of Elyvilon.
 26148 | Snake:5  | Gained mutation: You can breathe flames. [potion of beneficial mutation]
 26164 | Snake:5  | Received a gift from Okawaru
 26329 | Snake:5  | Reached skill level 15 in Evocations
 26995 | Snake:5  | Received a gift from Okawaru
 27519 | Snake:5  | Reached XP level 17. HP: 125/173 MP: 31/31
 27710 | Snake:5  | Received a gift from Okawaru
 27903 | Snake:5  | Received a gift from Okawaru
 27970 | Snake:5  | Received a gift from Okawaru
 27978 | Snake:5  | Reached skill level 17 in Fighting
 28057 | Snake:5  | Got a serpentine rune of Zot
 28368 | Shoals:1 | Entered Level 1 of the Shoals
 29963 | Shoals:2 | Gained mutation: You can breathe fire. [potion of beneficial mutation]
 30021 | Shoals:2 | Noticed Norris
 30070 | Shoals:2 | Killed Norris
 30392 | Shoals:2 | Received a gift from Okawaru
 30835 | Shoals:2 | Reached XP level 18. HP: 169/188 MP: 32/32
 31288 | Shoals:3 | Received a gift from Okawaru
 31561 | Shoals:3 | Received a gift from Okawaru
 31582 | Shoals:3 | Reached skill level 18 in Fighting
 32274 | Shoals:4 | Found Ejies' Antique Armour Shoppe.
 32357 | Shoals:4 | Found Omul's Food Shoppe.
 32416 | Shoals:4 | Found Orrajozur's Gadget Shoppe.
 32426 | Shoals:4 | Bought a phantom mirror for 390 gold pieces
 32458 | Shoals:4 | Found Hifivu's Antique Weapon Shoppe.
 32516 | Shoals:4 | Found Treygaw's Jewellery Shop.
 32583 | Shoals:4 | Received a gift from Okawaru
 32781 | Shoals:5 | Entered Level 5 of the Shoals
 32781 | Shoals:5 | Found a frozen archway.
 32789 | Shoals:5 | Received a gift from Okawaru
 32822 | IceCv    | Entered an ice cave
 33500 | Shoals:5 | Noticed Ilsuiw
 33519 | Shoals:5 | Killed Ilsuiw
 34026 | Shoals:5 | Got a barnacled rune of Zot
 34213 | Shoals:2 | Received a gift from Okawaru
 34370 | D:11     | Noticed a cyclops
 34375 | D:11     | Killed a cyclops
 34449 | D:12     | Noticed a wizard
 34454 | D:12     | Killed a wizard
 34469 | D:12     | Noticed a wizard
 34474 | D:12     | Killed a wizard
 34544 | D:12     | Lost mutation: You are robust (+10% HP). [potion of cure mutation]
 34544 | D:12     | Lost mutation: You are agile. (Dex +2) [potion of cure mutation]
 34544 | D:12     | Lost mutation: You are partially covered in rough black scales (AC +4, Dex -1). [potion of cure mutation]
 34544 | D:12     | Lost mutation: Your muscles are strong. (Str +2) [potion of cure mutation]
 34544 | D:12     | Lost mutation: You expend magic power (3 MP) to slightly strengthen your wands. [potion of cure mutation]
 34713 | D:12     | Killed an unseen horror
 34743 | D:12     | Killed a 15-headed hydra
 34842 | D:12     | Killed 4thArraOfDagon's ghost
 34888 | D:12     | Noticed a rakshasa
 34892 | D:12     | Killed a rakshasa
 34892 | D:12     | Reached skill level 19 in Axes
 34920 | D:12     | Noticed a rakshasa
 34924 | D:12     | Noticed a rakshasa
 34927 | D:12     | Killed a rakshasa
 34928 | D:12     | Noticed a wizard
 34934 | D:12     | Killed a rakshasa
 34936 | D:12     | Killed a wizard
 35008 | D:12     | Noticed a rakshasa
 35014 | D:12     | Killed a rakshasa
 36256 | D:14     | Reached XP level 19. HP: 182/182 MP: 33/33
 36401 | D:14     | Found a gate to the Vaults.
 36548 | D:14     | Noticed Erica
 36559 | D:14     | Killed Erica
 37223 | D:15     | Entered Level 15 of the Dungeon
 37576 | Shoals:4 | Bought a wand of heal wounds (5) for 702 gold pieces
 37972 | D:15     | Received a gift from Okawaru
 37986 | D:15     | Got a steaming executioner's axe {god gift}
 37987 | D:15     | Identified the +3 executioner's axe "Tweturill" {elec, +Blink rPois rF++ rC-} (Okawaru gifted it to you on level 15 of the Dungeon)
 38075 | D:15     | Gained mutation: You are weak. (Str -2) [potion of mutation]
 38075 | D:15     | Gained mutation: You are covered in fur (AC +1). [potion of mutation]
 38488 | D:15     | Found a staircase to the Depths.
 38555 | D:15     | Noticed Vidiiot's ghost (powerful FeWn)
 38564 | D:15     | Killed Vidiiot's ghost
 38721 | Vaults:1 | Entered Level 1 of the Vaults
 39021 | Vaults:1 | Received a gift from Okawaru
 39429 | Vaults:1 | Paralysed by an orc sorcerer for 4 turns
 39528 | Vaults:1 | Reached skill level 15 in Throwing
 40109 | Vaults:2 | Got a twitching ivory ring
 40110 | Vaults:2 | Identified the ring of Stoutala {rF+ rC+ Int+4 SInv} (You found it on level 2 of the Vaults)
 40126 | Vaults:2 | Found a staircase to the Crypt.
 40281 | Vaults:2 | You fall through a shaft for 2 floors!
 40301 | Vaults:4 | Received a gift from Okawaru
 40313 | Vaults:4 | Noticed Mennas
 40328 | Vaults:4 | Reached XP level 20. HP: 182/191 MP: 33/33
 40352 | Vaults:4 | Killed Mennas
 41436 | Vaults:3 | Found Ykhaetei's Book Shop.
 41664 | Vaults:3 | HP: 7/191 [tentacled monstrosity (14)]
 41664 | Vaults:3 | Slain by a tentacled monstrosity

Action                   |  1- 3 |  4- 6 |  7- 9 | 10-12 | 13-15 | 16-18 | 19-21 || total
-------------------------+-------+-------+-------+-------+-------+-------+-------++-------
Melee: War axe           |    68 |   168 |   323 |   213 |       |       |       ||   772
       Battleaxe         |       |       |       |   389 |   952 |  1194 |   684 ||  3219
       Unarmed           |       |       |       |     2 |       |       |       ||     2
Throw: Javelin           |       |       |       |     4 |    24 |   130 |    27 ||   185
       Throwing net      |       |       |       |       |       |     2 |       ||     2
Invok: Heroism           |       |       |     1 |     2 |     3 |     2 |     3 ||    11
       Finesse           |       |       |       |     1 |     1 |       |       ||     2
 Abil: Evoke Flight      |       |       |       |       |       |     3 |       ||     3
       Breathe Fire      |       |       |       |       |       |     1 |     1 ||     2
Evoke: Wand              |       |       |     2 |     2 |     1 |       |     1 ||     6
       Lamp of fire      |       |       |       |     1 |     1 |     3 |       ||     5
       Fan of gales      |       |       |       |       |       |     3 |       ||     3
       Sack of spiders   |       |       |       |       |       |     2 |       ||     2
       Phial of floods ( |       |       |       |       |       |       |     1 ||     1
  Use: Scroll            |     7 |     4 |     3 |    14 |    18 |     7 |     7 ||    60
       Potion            |     4 |     2 |     7 |     5 |     6 |    23 |     5 ||    52
 Stab: Invisible         |       |       |       |       |     8 |       |       ||     8
       Confused          |       |       |       |       |       |     1 |       ||     1
       Distracted        |       |       |       |       |       |       |     1 ||     1
  Eat: Bread ration      |       |     2 |     3 |     5 |       |       |       ||    10
       Chunk             |       |     1 |     3 |       |       |       |       ||     4
       Meat ration       |       |       |       |     2 |     4 |     7 |     3 ||    16
       Pizza             |       |       |       |       |     6 |       |     6 ||    12
       Beef jerky        |       |       |       |       |     4 |       |       ||     4
